 Dungeon Crawl Stone Soup version 0.31.0-32-g396128a36d (webtiles) character file.

Game seed: 14222022302467121115

2664 diecastcamel the Cleaver (level 9, -3/75 HPs)
             Began as a Barachi Berserker on Apr 24, 2024.
             Was a Priest of Trog.
             Killed from afar by an electric eel (9 damage)
             ... with a bolt of electricity
             ... on level 7 of the Dungeon.
             The game lasted 00:22:57 (7346 turns).

diecastcamel the Cleaver (Barachi Berserker)        Turns: 7346, Time: 00:22:58

Health: -3/75      AC:  9    Str: 24    XL:     9   Next: 63%
Magic:  9/9        EV: 12    Int:  7    God:    Trog [***...]
Gold:   305        SH:  0    Dex: 11    Spells: 8/8 levels left

rFire   . . .        q - +0 war axe (elec)
rCold   . . .        (no shield)
rNeg    . . .        n - +0 ring mail
rPois   .            m - +0 helmet
rElec   .            (no cloak)
rCorr   .            x - +0 pair of gloves
SInv    .            l - +0 pair of boots
Will    ++...        (no amulet)
Stlth   +            (no ring)
HPRegen 1.32/turn    (no ring)
MPRegen 0.11/turn

%: no passive effects
@: strong-willed, regenerating, slow
A: amphibious, slowness 1, strong legs 1, +LOS
a: Hop, Renounce Religion, Berserk, Trog's Hand


You were on level 7 of the Dungeon.
You worshipped Trog.
Trog was most pleased with you.
You visited 2 branches of the dungeon, and saw 8 of its levels.

You collected 515 gold pieces.
You spent 210 gold pieces at shops.

Inventory:

Hand Weapons
 q - a +0 war axe of electrocution (weapon)
Missiles
 b - a throwing net
 c - 50 stones
 v - 3 darts of dispersal
Armour
 l - a +0 pair of boots (worn)
 m - a +0 helmet (worn)
 n - a +0 ring mail (worn)
 x - a +0 pair of gloves (worn)
Wands
 e - a wand of roots (4)
Scrolls
 a - a scroll of blinking
 f - 4 scrolls of revelation
 g - a scroll of noise
 h - 2 scrolls of teleportation
 i - a scroll of silence
 o - 2 scrolls of immolation {unknown}
 u - 2 scrolls of poison
 w - a scroll of enchant armour {unknown}
Potions
 d - a potion of berserk rage {unknown}
 k - 3 potions of cancellation {unknown}
 p - 5 potions of curing {unknown}
 r - a potion of degeneration {unknown}
 s - 2 potions of resistance {unknown}
 t - a potion of might {unknown}


   Skills:
 + Level 8.5 Fighting
 * Level 11.4 Axes
 + Level 4.8 Armour
 + Level 4.3 Dodging


You had 8 spell levels left.
You didn't know any spells.
Your spell library was empty.

Dungeon Overview and Level Annotations

Branches:
Dungeon (7/15)             Temple (1/1) D:6

Altars:
Ashenzari
Cheibriados
Dithmenos
Elyvilon
Fedhas
Gozag
Hepliaklqana
Kikubaaqudgha
Makhleb
Nemelex Xobeh
Okawaru
Qazlal
Ru
Sif Muna
Trog
Uskayaw
Vehumet
Wu Jian
Xom
Yredelemnul
Zin
The Shining One

Shops:
D:3 [   D:5 [(

Portals:
Abyss: D:5

Annotations:
D:2 1 runed translucent door, Crazy Yiuf, Sigmund
D:5 2 transporters, michknight7's ghost, novice MiBe


Innate Abilities, Weirdness & Mutations

You are amphibious.
You cover ground slowly.
You can hop short distances.
You have an extended range of vision and can be seen from far away.


Message History

You are exhausted.
You feel yourself slow down.
You start resting.
An electric eel is nearby!
You start resting.
You feel yourself speed up.
You start resting.
You recover from your berserk rage.
You enter the deep water.
You enter the shallow water.
You enter the deep water.
The electric eel shoots out a bolt of lightning at you!
The bolt of electricity hits you!
You barely miss the electric eel.
The electric eel shoots out a bolt of lightning at you!
The bolt of electricity hits you! The bolt of electricity hits you.
The bolt of electricity hits the plant.
The plant begins to die.
You barely miss the electric eel.
The electric eel shoots out a bolt of lightning at you!
The bolt of electricity hits you! x2
* * * LOW HITPOINT WARNING * * *
The bolt of electricity hits the plant!
You closely miss the electric eel.
The electric eel shoots out a bolt of lightning at you!
The bolt of electricity hits you!
* * * LOW HITPOINT WARNING * * *
The bolt of electricity hits you.
* * * LOW HITPOINT WARNING * * *
The bolt of electricity hits the plant!
Okay, then.
Blink to where?
Press: ? - help, Dir - move target
As you read the scroll of blinking, it crumbles to dust.
Your skin crawls.
You feel strong-willed.
The electric eel shoots out a bolt of lightning at you!
The bolt of electricity hits the plant!
The plant begins to die.
The bolt of electricity hits the plant!
The plant begins to die.
The bolt of electricity hits you!
You die...

.######.)..................#
#...#...#...#...#...~#
#.##.####.###.###.###~~~#
#...#.#~≈≈#~≈~#~≈≈#S~.##
#.##.#.~~~≈.≈≈~.≈≈≈~~.## #.
#.#..P~~~~~~~~S~~P.# #
#.#....~~~.P~~~~..##
..##P#.......P~P..#
####.#.@P#P....#.##
##.P#.#..#.P#.#
##.#..#.#...## ##.####.P..#
## ### ##


You could see an electric eel.

Vanquished Creatures
  3 steam dragons
  Menkaure (D:4)
  2 water moccasins (D:5)
  5 black bears
  An ice beast (D:6)
  A sky beast (D:6)
  2 ogres
  A centaur (D:5)
  2 phantoms
  A kobold brigand (D:5)
  A bullfrog (D:6)
  3 scorpions
  An electric eel (D:7)
  A crimson imp (D:4)
  6 hounds
  2 orc priests (D:6)
  5 jellies
  An iguana (D:4)
  A gnoll (D:1)
  3 adders
  2 white imps
  A dart slug (D:2)
  2 ribbon worms
  7 orcs
  9 ball pythons
  6 bats
  6 endoplasms
  3 giant cockroaches
  3 goblins
  7 hobgoblins
  16 jackals
  9 kobolds
  2 quokkas
  5 frilled lizards
  10 rats
131 creatures vanquished.

Notes
Turn   | Place    | Note
-------+----------+-------------------------------------------
     0 | D:1      | diecastcamel the Barachi Berserker began the quest for the
                  | Orb.
     0 | D:1      | Reached XP level 1. HP: 18/18 MP: 1/1
   156 | D:1      | Reached skill level 4 in Axes
   156 | D:1      | Reached XP level 2. HP: 24/24 MP: 2/2
   453 | D:1      | Reached XP level 3. HP: 29/29 MP: 3/3
   908 | D:1      | Found a faded altar of an unknown god.
  1483 | D:2      | Noticed Sigmund
  1586 | D:2      | Reached skill level 5 in Axes
  1953 | D:2      | Found Uluig's Antique Armour Shoppe.
  1980 | D:2      | Reached XP level 4. HP: 8/36 MP: 4/4
  1986 | D:2      | Reached ** piety under Trog
  2497 | D:2      | Found a runed translucent door.
  2498 | D:2      | Noticed Crazy Yiuf
  2560 | D:3      | Found Xulut's Armour Boutique.
  2610 | D:3      | Bought a +0 pair of boots for 49 gold pieces
  2610 | D:3      | Bought a +0 helmet for 49 gold pieces
  3403 | D:4      | Reached skill level 6 in Axes
  3403 | D:4      | Reached XP level 5. HP: 40/42 MP: 5/5
  3479 | D:4      | Noticed a steam dragon
  3488 | D:4      | Killed a steam dragon
  3489 | D:4      | Reached XP level 6. HP: 49/49 MP: 6/6
  3563 | D:4      | Noticed a black bear
  3566 | D:4      | Reached skill level 7 in Axes
  3568 | D:4      | Killed a black bear
  3569 | D:4      | Reached skill level 5 in Fighting
  3633 | D:4      | Reached XP level 7. HP: 42/56 MP: 7/7
  3703 | D:4      | Found an ancient bone altar of Kikubaaqudgha.
  4236 | D:4      | Noticed Menkaure
  4239 | D:4      | Killed Menkaure
  4240 | D:4      | Reached skill level 8 in Axes
  4487 | D:5      | Entered Level 5 of the Dungeon
  4487 | D:5      | Found Natozud's Antique Armour Shoppe.
  4505 | D:5      | Bought a pair of gloves for 112 gold pieces
  5029 | D:5      | Reached skill level 9 in Axes
  5029 | D:5      | Reached XP level 8. HP: 57/65 MP: 8/8
  5322 | D:5      | Found Sogg's Weapon Shoppe.
  5512 | D:5      | Reached *** piety under Trog
  5528 | D:5      | Noticed a toenail golem
  5530 | D:5      | Found a transporter.
  5579 | D:5      | Found a transporter.
  5601 | D:5      | Found a one-way gate to the infinite horrors of the Abyss.
  5601 | D:5      | Noticed michknight7's ghost (novice MiBe)
  5926 | D:5      | Reached skill level 10 in Axes
  6293 | D:5      | Reached XP level 9. HP: 70/74 MP: 9/9
  6381 | D:6      | Found a staircase to the Ecumenical Temple.
  6473 | D:6      | Reached skill level 11 in Axes
  7058 | Temple   | Entered the Ecumenical Temple
  7342 | D:7      | HP: 2/75 [electric eel/bolt of electricity (6)]
  7346 | D:7      | Killed from afar by an electric eel

Illustrated notes

Levels and vault maps discovered:
D:1:      wheals_arrival_shading, layout_basic,
          hellmonk_ecumenical_altar_zigzags
D:2:      layout_basic, serial_shops, shop, minmay_pentomino_o2, uniq_sigmund,
          uniq_crazy_yiuf_cottage
D:3:      layout_basic, serial_shops, nicolae_shop_crystal, serial_bayou_pond_a
D:4:      layout_basic, mainiacjoe_overflow_chevrons,
          nicolae_kite_square_tiling_tiny, minmay_fire_ice_demons, uniq_menkaure
D:5:      layout_basic, gammafunk_ghost_abyssal_escape, serial_shops,
          shop_coins, shop, lexackson_kobold_supper
D:6:      layout_basic, minmay_temple_entry_sparse_star
D:7:      wad_lake_hut, layout_loops_corners
Temple:   grunt_wide_crystal_templ

Skill      XL: |  1  2  3  4  5  6  7  8  9 |
---------------+----------------------------+-----
Axes           | 4 5 6 7 9 10 11 | 11.4
Fighting       | 4 5 6 7 8 |  8.5
Armour         | 3 4 |  4.8
Dodging        | 3 4 |  4.3

Action                     |  1- 3 |  4- 6 |  7- 9 || total
---------------------------+-------+-------+-------++-------
  Melee: Hand axe          |   156 |    61 |       ||   217
         Punch             |     2 |     1 |     2 ||     5
         War axe           |       |    26 |   203 ||   229
 Invoke: Berserk           |     2 |     3 |     3 ||     8
         Trog's Hand       |       |       |     1 ||     1
Ability: Hop               |     1 |     1 |       ||     2
    Use: Scroll            |       |     1 |     7 ||     8
   Stab: Sleeping          |     2 |       |       ||     2
 Armour: Animal skin       |    92 |    10 |       ||   102
         Ring mail         |       |    43 |   125 ||   168
  Dodge: Dodged            |   117 |    58 |   100 ||   275
